 Dungeon Crawl Stone Soup version 0.28-a0-1199-gef9e1dbd39 (webtiles) character file.

Game seed: 12744391202878786214

25 sanka the Slasher (level 2, -2/25 HPs)
             Began as a Palentonga Abyssal Knight on Dec 19, 2021.
             Was a Follower of Lugonu.
             Slain by a quokka (4 damage)
             ... on level 1 of the Dungeon.
             The game lasted 00:00:53 (954 turns).

sanka the Slasher (Palentonga Abyssal Knight)        Turns: 954, Time: 00:00:53

Health: -2/25      AC:  4    Str: 16    XL:     2   Next: 82%
Magic:  3/3        EV:  9    Int: 10    God:    Lugonu [*.....]
Gold:   5          SH:  0    Dex: 10    Spells: 1/1 levels left

rFire   . . .      SeeInvis +   a - +1 falchion
rCold   . . .      Faith    .   (no shield)
rNeg    . . .      Spirit   .   b - +0 leather armour
rPois   .          Reflect  .   (no helmet)
rElec   .          Harm     .   (no cloak)
rCorr   .          Rampage  .   (no gloves)
Will    .....                   (no barding)
Stlth   +.........              (no amulet)
HPRegen 0.08/turn               (no ring)
MPRegen 0.08/turn               (no ring)

@: no status effects
A: large, rugged brown scales 3, see invisible, deformed body, roll 1, armoured
tail
a: Rolling Charge, Renounce Religion, Depart the Abyss


You were on level 1 of the Dungeon.
You worshipped Lugonu.
Lugonu was aware of your devotion.
You visited 1 branch of the dungeon, and saw 1 of its levels.
You visited the Abyss 1 time.

You collected 5 gold pieces.


Innate Abilities, Weirdness & Mutations

You are completely covered in rugged brown scales. (AC +3, +7% HP)
You have supernaturally acute eyesight. (SInv)
Armour fits poorly on your strangely shaped body.
You can roll at nearby foes to attack.
You have a long armoured tail.


   Skills:
 - Level 3.0 Fighting
 + Level 3.4 Long Blades
 - Level 1.5 Armour
 - Level 0.7 Dodging
 - Level 2.0 Invocations


You had one spell level left.
You didn't know any spells.
Your spell library contained the following spells:

 Spells                   Type           Power      Damage    Failure   Level
 Ensorcelled Hibernation  Hex/Ice        0%         N/A       56%         2
 Spider Form              Tmut/Pois      0%         N/A       80%         3

Inventory:

Hand Weapons
 a - a +1 falchion (weapon)
Armour
 b - a +0 leather armour (worn)
Scrolls
 d - a scroll of enchant weapon {unknown}
Potions
 c - a potion of curing {unknown}

Dungeon Overview and Level Annotations

Branches:
Dungeon (1/15)

Altars:

.▒▒▒▒........▒ .▒
▒.▒▒.▒...▒ ▒▒
▒..†.....▒ ▒▒
▒.▒▒.....▒▒▒▒▒ .▒▒
▒.▒▒▒▒(....... ▒.▒
▒.▒▒▒▒..▒▒▒▒▒▒
▒(▒▒▒.......▒ ▒▒▒▒▒▒▒▒▒
▒▒.▒▒▒▒▒▒▒▒.▒▒▒.......▒
.▒.▒ ▒.....Hr....▒ .'.▒
▒.▒▒▒£†.....▒ .▒.▒
▒.▒.........▒ ▒▒.▒
..▒.▒.......▒ ▒.▒▒
▒▒£▒.▒.......▒ ▒.▒ ▒..
......[.▒ .▒▒ ▒▒▒
▒▒▒▒▒▒▒▒▒ ▒▒ ▒


You could see a quokka.


Message History

You miss the quokka.
The quokka is moderately wounded.
The quokka bites you.
* * * LOW HITPOINT WARNING * * *
You closely miss the quokka.
Your tail-slap misses the quokka.
The quokka bites you but does no damage.
You closely miss the quokka. The quokka closely misses you.
The quokka barely misses you.
A quokka is nearby!
You hit the quokka but do no damage. The quokka bites you.
* * * LOW HITPOINT WARNING * * *
You barely miss the quokka.
Your tail-slap misses the quokka.
The quokka closely misses you.
You barely miss the quokka. The quokka bites you.
* * * LOW HITPOINT WARNING * * *
The quokka bites you.
* * * LOW HITPOINT WARNING * * *
You hit the quokka.
The quokka is severely wounded.
The quokka bites you but does no damage.
You completely miss the quokka.
Your tail-slap misses the quokka.
The quokka is severely wounded.
The quokka bites you.
You die...

Action                   || total
-------------------------++-------
Melee: Falchion          ||    66
       Tailslap          ||     5
Armor: Leather armour    ||    40
Dodge: Dodged            ||    37

Levels and vault maps discovered:
D:1:      dpeg_arrival_yet_another_circle, layout_loops_cross,
          nicolae_ecumenical_snake_handling

Notes
Turn   | Place    | Note
-------+----------+-------------------------------------------
     0 | Abyss:1  | sanka the Palentonga Abyssal Knight began the quest for the
                  | Orb.
     0 | Abyss:1  | Reached XP level 1. HP: 19/19 MP: 2/2
    20 | D:1      | Escaped the Abyss
   104 | D:1      | Found a faded altar of an unknown god.
   243 | D:1      | Reached XP level 2. HP: 24/25 MP: 3/3
   349 | D:1      | Reached skill level 3 in Long Blades
   952 | D:1      | HP: 2/25 [quokka (4)]
   954 | D:1      | Slain by a quokka

Vanquished Creatures
  A dart slug (D:1)
  5 ball pythons (D:1)
  4 bats (D:1)
  An endoplasm (D:1)
  A giant cockroach (D:1)
  2 goblins (D:1)
  2 quokkas (D:1)
  A frilled lizard (D:1)
  2 kobolds (D:1)
  2 rats (D:1)
21 creatures vanquished.
